 Dungeon Crawl Stone Soup version 0.20.0-15-g7f486f2 (webtiles) character file.

8006 NoAnimeNoLife the Destroyer (level 11, -6/60 HPs)
             Began as a Deep Elf Conjurer on June 13, 2017.
             Was a Priest of Vehumet.
             Mangled by a sun demon (18 damage)
             ... summoned by an orc high priest
             ... on level 1 of the Orcish Mines.
             The game lasted 00:43:51 (11349 turns).

NoAnimeNoLife the Destroyer (Deep Elf Conjurer)    Turns: 11349, Time: 00:43:51

Health: -6/60      AC:  7    Str:  5    XL:     11   Next: 4%
Magic:  29/35      EV: 17    Int: 24    God:    Vehumet [***...]
Gold:   599        SH:  0    Dex: 19    Spells: 5/28 levels left

rFire    . . .     SeeInvis .   f - staff of wizardry
rCold    . . .     Gourm    .   (no shield)
rNeg     . . .     Faith    .   s - +2 robe {MR+}
rPois    .         Spirit   .   (no helmet)
rElec    .         Reflect  .   (no cloak)
rCorr    .         Harm     .   (no gloves)
MR       ++...                  L - +2 pair of boots
Stlth    ++........             H - amulet of magic regeneration
Regen    0.2/turn               h - +4 ring of dexterity
MPRegen  0.4/turn               d - ring of magical power

@: no status effects
A: no striking features
a: Renounce Religion


You were on level 1 of the Orcish Mines.
You worshipped Vehumet.
Vehumet was most pleased with you.
You were hungry.

You visited 3 branches of the dungeon, and saw 12 of its levels.

You collected 599 gold pieces.

Inventory:

Hand Weapons
 w - a +4 quarterstaff of chaos
Armour
 a - a +0 robe
 s - a +2 robe of magic resistance (worn)
 u - a +1 robe
 L - a +2 pair of boots (worn)
Magical Staves
 f - an uncursed staff of wizardry (weapon)
Jewellery
 d - a ring of magical power (right hand)
 g - an uncursed amulet of the gourmand
 h - a +4 ring of dexterity (left hand)
 o - an uncursed ring of protection from fire
 v - an uncursed ring of ice
 B - an uncursed ring of positive energy
 G - an uncursed amulet of harm
 H - an amulet of magic regeneration (around neck)
Wands
 p - a wand of scattershot (8/9)
 D - a wand of polymorph (7/24)
 K - a wand of random effects (18/48)
 M - a wand of iceblast (3/15)
Scrolls
 i - 2 scrolls of remove curse
 y - 3 scrolls of teleportation
 C - a scroll of fog
 N - 2 scrolls of enchant weapon
 O - a scroll of recharging
Potions
 j - a potion of mutation {unknown}
 k - a potion of agility
 l - 3 potions of degeneration
 n - a potion of haste {unknown}
 q - 2 potions of magic {unknown}
 r - 3 potions of brilliance {unknown}
 t - 3 potions of curing
 x - 2 potions of invisibility {unknown}
 I - a potion of flight {unknown}
 J - a potion of might {unknown}
Books
 b - a book of Conjurations

   Spells                             Type                      Level
   a - Magic Dart                     Conjuration                  1
   b - Searing Ray                    Conjuration                  2
   c - Dazzling Spray                 Conjuration/Hexes            3
   d - Fulminant Prism                Conjuration/Hexes            4
   e - Force Lance                    Conjuration/Translocation    4
   f - Iskenderun's Mystic Blast      Conjuration                  4
 e - a book of Minor Magic

   Spells                             Type                      Level
   a - Magic Dart                     Conjuration                  1
   b - Blink                          Translocation                2
   c - Call Imp                       Summoning                    2
   d - Slow                           Hexes                        2
   e - Conjure Flame                  Conjuration/Fire             3
   f - Mephitic Cloud                 Conjuration/Poison/Air       3
 E - a book of Debilitation

   Spells                             Type                      Level
   a - Corona                         Hexes                        1
   b - Slow                           Hexes                        2
   c - Inner Flame                    Hexes/Fire                   3
   d - Portal Projectile              Hexes/Translocation          3
   e - Cause Fear                     Hexes                        4
   f - Leda's Liquefaction            Hexes/Earth                  4
 F - a Young Poisoner's Handbook

   Spells                             Type                      Level
   a - Sting                          Conjuration/Poison           1
   b - Poisonous Vapours              Poison/Air                   2
   c - Mephitic Cloud                 Conjuration/Poison/Air       3
   d - Olgreb's Toxic Radiance        Poison                       4
   e - Venom Bolt                     Conjuration/Poison           5
Comestibles
 c - 2 bread rations
 m - 13 royal jellies
 z - 6 fruits
 A - 4 meat rations


   Skills:
 + Level 3.8 Fighting
 - Level 6.3 Dodging
 - Level 2.5 Stealth
 - Level 9.0 Spellcasting
 + Level 13.9 Conjurations
 * Level 7.0 Fire Magic


You had 5 spell levels left.
You knew the following spells:

 Your Spells              Type           Power        Failure   Level  Hunger
a - Magic Dart            Conj           ####         0%          1    None
b - Searing Ray           Conj           ######       1%          2    None
c - Force Lance           Conj/Tloc      #####...     1%          4    ##.....
d - Fulminant Prism       Conj/Hex       #####.....   1%          4    ##.....
e - Mephitic Cloud        Conj/Pois/Air  ####....     1%          3    None
f - Blink                 Tloc           N/A          3%          2    None
g - Sting                 Conj/Pois      ####         1%          1    None
h - Shock                 Conj/Air       ####         1%          1    None
i - Conjure Flame         Conj/Fire      ######..     1%          3    None
j - Throw Flame           Conj/Fire      ######       1%          2    None


Dungeon Overview and Level Annotations

Branches:
Dungeon (10/15)            Temple (1/1) D:4            Lair (0/6) D:9
    Orc (1/2) D:9

Altars:
Ashenzari
Cheibriados
Dithmenos
Elyvilon
Fedhas
Gozag
Hepliaklqana
Kikubaaqudgha
Makhleb
Nemelex Xobeh
Okawaru
Qazlal
Ru
Sif Muna
Trog
Uskayaw
Vehumet
Xom
Yredelemnul
Zin
The Shining One

Annotations:
D:1 1 runed door


Message History

Beogh smites you!
Casting: Mephitic Cloud
Confirm with . or Enter, or press ? or * to list all spells.
Aiming: Searing Ray
Press: ? - help, Shift-Dir - straight line, f - orc high priest
Aim: an orc high priest, wielding a battleaxe and wearing a leather armour (lightly wounded, confused)
The searing ray hits the orc high priest.
The orc high priest is lightly wounded. (Press . to maintain the ray.)
The searing ray hits the orc high priest.
The orc high priest is lightly wounded.
The orc hits the orc warrior but does no damage.
The orc high priest hits itself but does no damage.
There is a staircase back to the Dungeon here.
The sun demon hits you.
You are engulfed in flames!
* * * LOW HITPOINT WARNING * * *
The sun demon hits you.
* * * LOW HITPOINT WARNING * * *
You are engulfed in flames!!
You die...

#####....##....#
###.#.##........######
##......###......###.##
#........###......#.... ##
##.......#.#............
.##.##.............#.#.......
.....#......†......####......
.....................#.#...##
..........33@>..........#....
....).o)§§o........#.........
.........o.............##..#.
#............#.....#...######
#....#.....###....##.##
##....###...###..#####
###.###.#...##### ## #.....##
##.....##


You could see an orc high priest (confused), a sun demon, a smoke demon, an orc
warrior (confused) and an orc (confused).

Vanquished Creatures
  3 two-headed ogres
  Prince Ribbit (D:5)
  2 hippogriffs
  Sigmund (D:3)
  2 wyverns
  Menkaure (D:2)
  Edmund (D:5)
  A water moccasin (D:5)
  4 orc warriors
  2 phantoms
  A sky beast (D:5)
  5 ice beasts
  3 ogres
  5 centaurs
  3 big kobolds
  3 bullfrogs
  3 scorpions
  10 killer bees
  3 wights (D:7)
  A howler monkey (D:4)
  2 bullfrog zombies
  3 crimson imps
  A centaur zombie (D:7)
  A quasit (D:6)
  5 hounds
  7 jellies
  8 orc wizards
  10 orc priests
  Crazy Yiuf (D:4)
  2 iguanas (D:9)
  Ijyb (D:3)
  Terence (D:2)
  Natasha (D:2)
  6 worker ants
  2 hound skeletons
  7 gnolls (D:9)
  16 adders
  2 shadow imps
  6 oozes
  An adder skeleton (D:8)
  2 worms
  A dart slug (D:1)
  4 leopard geckos
  34 orcs
  5 giant cockroaches
  9 hobgoblins
  10 jackals
  2 quokkas
  2 ball pythons
  6 bats
  7 frilled lizards
  A giant cockroach zombie (D:2)
  9 goblins
  13 kobolds
  A leopard gecko skeleton (D:7)
  10 rats
254 creatures vanquished.

Vanquished Creatures (others)
  30 fulminant prisms
30 creatures vanquished.

Grand Total: 284 creatures vanquished

Notes
Turn   | Place    | Note
-------+----------+-------------------------------------------
     0 | D:1      | NoAnimeNoLife the Deep Elf Conjurer began the quest for the Orb.
     0 | D:1      | Reached XP level 1. HP: 10/10 MP: 6/6
     0 | D:1      | Noticed a jelly
     1 | D:1      | Found a runed door.
   236 | D:1      | Reached XP level 2. HP: 13/15 MP: 5/8
   360 | D:1      | Reached skill level 5 in Conjurations
   608 | D:2      | Found an ancient bone altar of Kikubaaqudgha.
   609 | D:2      | Found a basalt altar of Yredelemnul.
   609 | D:2      | Noticed Menkaure
   611 | D:2      | Found a transporter.
   621 | D:2      | Learned a level 2 spell: Searing Ray
   682 | D:2      | Reached XP level 3. HP: 19/19 MP: 6/10
   727 | D:2      | Noticed Natasha
   742 | D:2      | Killed Natasha
   971 | D:2      | Reached XP level 4. HP: 24/24 MP: 6/11
  1115 | D:2      | Reached skill level 6 in Conjurations
  1443 | D:2      | Noticed Terence
  1465 | D:2      | Killed Terence
  1654 | D:2      | Found a transporter.
  1941 | D:2      | Killed Menkaure
  1941 | D:2      | Reached skill level 7 in Conjurations
  1941 | D:2      | Reached XP level 5. HP: 28/28 MP: 2/12
  2090 | D:2      | Learned a level 4 spell: Force Lance
  2095 | D:2      | Learned a level 4 spell: Fulminant Prism
  2137 | D:3      | Noticed Sigmund
  2236 | D:3      | Killed Sigmund
  2236 | D:3      | Reached skill level 8 in Conjurations
  2236 | D:3      | Reached XP level 6. HP: 29/32 MP: 8/13
  2547 | D:3      | Noticed Ijyb
  2623 | D:3      | Killed Ijyb
  2790 | D:3      | Reached skill level 9 in Conjurations
  2790 | D:3      | Reached XP level 7. HP: 15/36 MP: 6/14
  3482 | D:4      | Found a shadowy altar of Dithmenos.
  3689 | D:4      | Reached skill level 10 in Conjurations
  3808 | D:4      | Found a sparkling altar of Nemelex Xobeh.
  3842 | D:4      | Found a runed door.
  3890 | D:4      | Found a staircase to the Ecumenical Temple.
  3896 | Temple   | Entered the Ecumenical Temple
  4077 | Temple   | Became a worshipper of Vehumet
  4204 | D:4      | Found a glowing silver altar of Zin.
  4351 | D:4      | Noticed Crazy Yiuf
  4364 | D:4      | Killed Crazy Yiuf
  4626 | D:5      | Entered Level 5 of the Dungeon
  5087 | D:5      | Reached XP level 8. HP: 41/41 MP: 10/15
  5533 | D:5      | Noticed Prince Ribbit
  5542 | D:5      | Killed Prince Ribbit
  5542 | D:5      | Reached skill level 5 in Spellcasting
  5542 | D:5      | Reached skill level 11 in Conjurations
  5904 | D:5      | Found a blossoming altar of Fedhas.
  5930 | D:5      | Reached skill level 5 in Dodging
  6199 | D:5      | Noticed Edmund
  6207 | D:5      | Killed Edmund
  6549 | D:6      | Reached * piety under Vehumet
  6549 | D:6      | Offered knowledge of Sting by Vehumet.
  6563 | D:6      | Noticed a hippogriff
  6601 | D:6      | Killed a hippogriff
  6601 | D:6      | Reached XP level 9. HP: 17/45 MP: 2/21
  6813 | D:6      | Learned a level 3 spell: Mephitic Cloud
  6816 | D:6      | Learned a level 2 spell: Blink
  6933 | D:6      | Learned a level 1 spell: Sting
  7404 | D:6      | Reached skill level 12 in Conjurations
  8137 | D:7      | Reached skill level 13 in Conjurations
  8226 | D:7      | Offered knowledge of Shock by Vehumet.
  8258 | D:7      | Learned a level 1 spell: Shock
  8262 | D:7      | Learned a level 3 spell: Conjure Flame
  8666 | D:8      | Reached skill level 1 in Fire Magic
  8685 | D:8      | Reached ** piety under Vehumet
  8741 | D:8      | Reached skill level 1 in Fighting
  9070 | D:8      | Reached XP level 10. HP: 52/52 MP: 23/23
  9272 | D:8      | Noticed a two-headed ogre
  9441 | D:8      | Offered knowledge of Throw Flame by Vehumet.
  9454 | D:8      | Learned a level 2 spell: Throw Flame
  9495 | D:8      | Noticed a two-headed ogre
  9520 | D:8      | Killed a two-headed ogre
  9702 | D:8      | Killed a two-headed ogre
  9702 | D:8      | Reached skill level 5 in Fire Magic
  9835 | D:9      | Found a staircase to the Lair.
  9906 | D:9      | Noticed a two-headed ogre
  9955 | D:9      | Killed a two-headed ogre
 10222 | D:9      | Reached *** piety under Vehumet
 10408 | D:9      | Found a staircase to the Orcish Mines.
 10787 | D:9      | Offered knowledge of Airstrike by Vehumet.
 10984 | D:9      | Reached XP level 11. HP: 49/60 MP: 26/26
 11193 | D:10     | Entered Level 10 of the Dungeon
 11193 | D:10     | Noticed a two-headed ogre
 11247 | Orc:1    | Entered Level 1 of the Orcish Mines
 11336 | Orc:1    | Noticed an orc high priest
 11344 | Orc:1    | Noticed a sun demon
 11349 | Orc:1    | Mangled by a sun demon

Skill      XL: |  1  2  3  4  5  6  7  8  9 10 11 |
---------------+----------------------------------+-----
Conjurations   | 5 7 8 9 10 11 13 | 13.9
Dodging        | 3 6 |  6.3
Spellcasting   | 6 7 9 |  9.0
Fire Magic     | 2 6 7 |  7.0
Fighting       | 1 3 |  3.8
Stealth        | |  2.5

Action                   |  1- 3 |  4- 6 |  7- 9 | 10-12 || total
-------------------------+-------+-------+-------+-------++-------
Melee: Unarmed           |     2 |     3 |       |       ||     5
       Staff             |       |     4 |     8 |     1 ||    13
       Quarterstaff      |       |       |       |     6 ||     6
 Cast: Magic Dart        |    61 |    58 |   216 |   142 ||   477
       Searing Ray       |       |    11 |    39 |    44 ||    94
       Fulminant Prism   |       |     5 |    25 |       ||    30
       Force Lance       |       |     2 |    11 |    10 ||    23
       Conjure Flame     |       |       |     5 |    10 ||    15
       Blink             |       |       |     5 |       ||     5
       Mephitic Cloud    |       |       |     1 |     6 ||     7
  Use: Scroll            |       |     2 |    12 |     1 ||    15
       Potion            |       |     1 |     2 |       ||     3
  Eat: Chunk             |       |     2 |    17 |     5 ||    24
       Bread ration      |       |     1 |     2 |       ||     3
Armor: Robe              |     2 |     5 |    43 |     7 ||    57
       Skin              |       |     3 |       |       ||     3
Dodge: Dodged            |     5 |    37 |   121 |    72 ||   235
